 Dungeon Crawl Stone Soup version 0.27-a0-1555-g0e7b3fb1d2 (webtiles) character file.

Game seed: 2126378325397374893

9 bande the Shield-Bearer (level 2, 24/24 HPs)
             Began as a Formicid Fighter on July 14, 2021.
             Quit the game on level 1 of the Dungeon.
             The game lasted 00:00:39 (480 turns).

bande the Shield-Bearer (Formicid Fighter)           Turns: 480, Time: 00:00:40

Health: 24/24      AC:  6    Str: 20    XL:     2   Next: 20%
Magic:  2/2        EV:  8    Int:  7    God:
Gold:   14         SH:  9    Dex: 10    Spells: 1/1 levels left

rFire    . . .     SeeInvis +   a - +0 war axe
rCold    . . .     Faith    .   c - +0 kite shield
rNeg     . . .     Spirit   .   b - +0 scale mail
rPois    .         Reflect  .   (helmet unavailable)
rElec    .         Harm     .   (no cloak)
rCorr    .         Rampage  .   (no gloves)
Will     .....                  (no boots)
Stlth    ..........             (no amulet)
HPRegen  0.08/turn              (no ring)
MPRegen  0.08/turn              (no ring)

@: no status effects
A: permanent stasis, dig shafts and tunnels, antennae 3, four strong arms
a: Dig, Shaft Self


You were on level 1 of the Dungeon.
You visited 1 branch of the dungeon, and saw 1 of its levels.

You collected 14 gold pieces.

Inventory:

Hand Weapons
 a - a +0 war axe (weapon)
Armour
 b - a +0 scale mail (worn)
 c - a +0 kite shield (worn)
Potions
 d - a potion of might


   Skills:
 + Level 3.4 Fighting
 + Level 2.1 Axes
 + Level 3.4 Armour
 + Level 3.9 Shields


You had one spell level left.
You didn't know any spells.
Your spell library was empty.

Dungeon Overview and Level Annotations

Branches:
Dungeon (1/15)

Altars:


Innate Abilities, Weirdness & Mutations

You cannot be hasted, slowed, berserked, paralysed or teleported.
You can dig through walls and to a lower floor.
You have a pair of large antennae on your head. (SInv)
Your four strong arms can wield two-handed weapons with a shield.


Message History

No target in view!
No target in view!
No target in view!
No target in view!
You sense a monster nearby.
A frilled lizard comes into view.
The frilled lizard hisses angrily.
You barely miss the frilled lizard.
The frilled lizard bites you but does no damage.
You miss the frilled lizard. You block the frilled lizard's attack.
The frilled lizard bites you but does no damage.
You hit the frilled lizard.
You kill the frilled lizard!
No target in view!
No target in view!
No target in view!
No target in view!
No target in view!
You see here a frilled lizard corpse.
Found 26 stones.
Found 14 gold pieces.
Found a stone staircase leading down.
There is a stone staircase leading down here.
You now have 14 gold pieces.
You open the door.
There is an open door here.
You sense a monster nearby.
Found 2 inky potions.
You sense a monster nearby.
No target in view!
No target in view!
No target in view!
No target in view!
No target in view!
No target in view!
No target in view!
Unknown command.
A giant cockroach comes into view.
The giant cockroach waves its antennae.
Okay, then.
Are you sure you want to abandon this character and quit the game? (Confirm with "yes".)

#.### ##
#.# ..
#.# { ##
#.# #.#
#######.#
{
#.......#
{
#.#######
#@#
#....B.#
#.#!##.#
#.#.. # #
### {


You could see a giant cockroach.

Vanquished Creatures
  A goblin (D:1)
  2 quokkas (D:1)
  A ball python (D:1)
  3 frilled lizards (D:1)
  3 rats (D:1)
10 creatures vanquished.

Notes
Turn   | Place    | Note
-------+----------+-------------------------------------------
     0 | D:1      | bande the Formicid Fighter began the quest for the Orb.
     0 | D:1      | Reached XP level 1. HP: 18/18 MP: 1/1
   317 | D:1      | Reached XP level 2. HP: 24/24 MP: 2/2
   480 | D:1      | Quit the game

Illustrated notes

Levels and vault maps discovered:
D:1:      minmay_arrival_four_circles, layout_basic, minmay_misc_feat_columns

Action                   || total
-------------------------++-------
Melee: War axe           ||    33
  Use: Potion            ||     1
Armor: Scale mail        ||    19
Dodge: Dodged            ||     8
Block: Kite shield       ||    16

Table legend: (Time is in decaauts)
 A = Elapsed time spent in this place.
 B = Non-inter-level travel time spent in this place.
 C = Inter-level travel time spent in this place.
 D = Time resting spent in this place.
 E = Time spent auto-exploring this place.
 F = Levels seen in this place.
 G = Mean time per level.
                   A        B        C        D        E       F      G
               +--------+--------+--------+--------+--------+-----+--------+
         Total |    498 |    498 |      0 |      0 |    410 |   1 |  498.0 |
       Dungeon |    498 |    498 |      0 |      0 |    410 |   1 |  498.0 |
               +--------+--------+--------+--------+--------+-----+--------+

Top non-repeatable levels by time:
     D:1: 498 daAuts
